 Dungeon Crawl Stone Soup version 0.27.1-34-g3ba077fa99 (webtiles) character file.

Game seed: 17764759737244707552

720926 alasdair19 the Minotaur Barricade (level 27, -4/273 HPs)
             Began as a Minotaur Fighter on Jan 26, 2022.
             Was the Champion of the Shining One.
             Slain by a green draconian (11 damage)
             ... on level 1 of the Realm of Zot on Jan 29, 2022.
             The game lasted 06:39:11 (88292 turns).

alasdair19 the Minotaur Barricade (MiFi)           Turns: 88292, Time: 06:39:12

Health: -4/273     AC: 46    Str: 40    XL:     27
Magic:  9/36       EV:  8    Int: 11    God:    the Shining One [******]
Gold:   8571       SH: 38    Dex: 15    Spells: 26/26 levels left

rFire    + + +     SeeInvis .   e - +7 double sword (holy)
rCold    + + .     Faith    .   O - +8 tower shield {reflect}
rNeg     + + +     Spirit   .   A - +12 gold dragon scales
rPois    +         Reflect  +   a - +0 hat "Usuips" {rN+++ Will+ Int-3}
rElec    +         Harm     .   J - +0 cloak of Viny Intercession {rElec Int+2}
rCorr    +         Rampage  .   H - +2 pair of gloves of the Pits of Slime {rCorr Dex+4}
Will     +++..                  x - +2 pair of boots {Fly}
Stlth    ..........             i - amulet of regeneration
HPRegen  1.55/turn              F - ring "Rilool" {rC++ Str+4 Int+6 Dex-2 Stlth+}
MPRegen  0.25/turn              c - ring of Finality {Wiz rF++ rC- Str+6}

@: unable to read, flying, hasted, glowing, studying 3 skills, very quick
A: horns 2, retaliatory headbutt, inability to read while threatened
}: 4/15 runes: decaying, silver, bone, gossamer
a: Renounce Religion, Divine Shield, Cleansing Flame, Summon Divine Warrior,
Brand Weapon With Holy Wrath


You were on level 1 of the Realm of Zot.
You worshipped the Shining One.
The Shining One was exalted by your worship.
You visited 14 branches of the dungeon, and saw 60 of its levels.
You also visited: Trove, Ossuary, Bailey and Ice Cave.

You collected 12022 gold pieces.
You spent 3451 gold pieces at shops.

Inventory:

Hand Weapons
 d - a +9 vorpal double sword
 e - a +7 double sword of holy wrath (weapon)
 q - a +2 fustibalus of freezing
 r - a +3 scimitar of flaming
Missiles
 g - 8 silver javelins
 t - 469 sling bullets
 u - 6 javelins (quivered)
 N - 29 curare-tipped darts
Armour
 a - the +0 hat "Usuips" (worn) {rN+++ Will+ Int-3}
   (You found it in a treasure trove)

   Int:       It affects your intelligence (-3).
   rN:        It renders you almost immune to negative energy.
   Will:      It increases your willpower.
 x - a +2 pair of boots of flying (worn)
 A - +12 gold dragon scales (worn)
 H - the +2 pair of gloves of the Pits of Slime (worn) {rCorr Dex+4}
   (You bought it in a shop on level 4 of the Vaults)

   Dex:       It affects your dexterity (+4).
   rCorr:     It protects you from acid and corrosion.
 J - the +0 cloak of Viny Intercession (worn) {rElec Int+2}
   (Okawaru gifted it to you on level 10 of the Dungeon)

   Int:       It affects your intelligence (+2).
   rElec:     It insulates you from electricity.
 O - a +8 tower shield of reflection (worn)
Jewellery
 c - the ring of Finality (right hand) {Wiz rF++ rC- Str+6}
   (You found it on level 3 of the Elven Halls)

   [ring of wizardry]

   It improves your spell success rate.
   Str:       It affects your strength (+6).
   rF:        It greatly protects you from fire.
   rC:        It makes you vulnerable to cold.
 i - an amulet of regeneration (around neck)
 l - the amulet "Honiusty" {Spirit +Inv Int+4 Dex+4 Slay+3}
   (You found it in a treasure trove)

   [amulet of guardian spirit]

   It causes incoming damage to be divided between your reserves of health and
   magic.
   Int:       It affects your intelligence (+4).
   Dex:       It affects your dexterity (+4).
   Slay:      It affects your accuracy & damage with ranged weapons and melee
   (+3).
   +Inv:      It lets you turn invisible.
 m - the ring of Equilibrium {Will+ Int+3 SInv}
   (You bought it in a shop on level 9 of the Dungeon)

   [ring of willpower]

   Int:       It affects your intelligence (+3).
   SInv:      It lets you see invisible.
   Will:      It increases your willpower.
 o - a ring of protection from fire
 s - the ring of Askun {rPois rF+ Dex+6}
   (You found it on level 7 of Tartarus)

   [ring of dexterity]

   Dex:       It affects your dexterity (+6).
   rF:        It protects you from fire.
   rPois:     It protects you from poison.
 F - the ring "Rilool" (left hand) {rC++ Str+4 Int+6 Dex-2 Stlth+}
   (You found it on level 3 of the Crypt)

   [ring of intelligence]

   Str:       It affects your strength (+4).
   Int:       It affects your intelligence (+6).
   Dex:       It affects your dexterity (-2).
   rC:        It greatly protects you from cold.
   Stlth:     It makes you more stealthy.
 S - the ring of Osatag {rElec rF+ Dex+3}
   (You found it on level 3 of the Crypt)

   [ring of protection from fire]

   Dex:       It affects your dexterity (+3).
   rF:        It protects you from fire.
   rElec:     It insulates you from electricity.
 T - the ring of Symmetry {rF++ rN+}
   (You took it off an ancient champion on level 3 of the Crypt)

   [ring of positive energy]

   rF:        It greatly protects you from fire.
   rN:        It protects you from negative energy.
 V - the ring of Peace {Fly rElec Str+6}
   (You bought it in a shop on level 2 of the Orcish Mines)

   [ring of strength]

   Str:       It affects your strength (+6).
   rElec:     It insulates you from electricity.
   Fly:       It grants you flight.
 X - the ring "Ighif" {rElec rC- rN+ Dex+6}
   (You found it on level 3 of the Crypt)

   [ring of positive energy]

   Dex:       It affects your dexterity (+6).
   rC:        It makes you vulnerable to cold.
   rElec:     It insulates you from electricity.
   rN:        It protects you from negative energy.
Wands
 j - a wand of iceblast (52)
 G - a wand of digging (5)
 K - a wand of acid (46)
 U - a wand of flame (76)
 W - a wand of mindburst (61)
Scrolls
 f - 5 scrolls of magic mapping
 k - 29 scrolls of identify
 n - 5 scrolls of fog
 p - 12 scrolls of fear
 y - a scroll of blinking
 B - a scroll of holy word
 D - a scroll of summoning
 M - 3 scrolls of silence
 P - 12 scrolls of teleportation
Potions
 h - 15 potions of curing
 v - 5 potions of haste
 w - 9 potions of flight
 z - 6 potions of invisibility
 C - 6 potions of cancellation
 Y - 4 potions of resistance
Miscellaneous
 b - a lightning rod (4/4)
 I - a box of beasts
 L - a condenser vane


   Skills:
 O Level 27 Fighting
 - Level 3.9(15.7) Short Blades
 - Level 24.0(24.1) Long Blades
 + Level 8.2(9.9) Slings
 + Level 7.9(9.2) Throwing
 + Level 22.4 Armour
 - Level 0.2 Dodging
 - Level 0.8 Stealth
 O Level 27 Shields
 + Level 0.2 Unarmed Combat
 * Level 20.1 Invocations
 - Level 15.1 Evocations


You had 26 spell levels left.
You didn't know any spells.
Your spell library contained the following spells:

 Spells                   Type           Power      Damage    Failure   Level
 Foxfire                  Conj/Fire      0%         2x1d4     52%         1
 Magic Dart               Conj           0%         1d3       52%         1
 Pain                     Necr           0%         1d4       52%         1
 Sting                    Tmut/Pois      0%         1d3       52%         1
 Summon Small Mammal      Summ           0%         N/A       52%         1
 Blink                    Tloc           N/A        N/A       67%         2
 Call Imp                 Summ           0%         N/A       67%         2
 Passwall                 Tmut/Erth      0%         N/A       67%         2
 Searing Ray              Conj           0%         3d3       67%         2
 Static Discharge         Conj/Air       0%         N/A       67%         2
 Sublimation of Blood     Necr           0%         N/A       67%         2
 Call Canine Familiar     Summ           0%         N/A       87%         3
 Conjure Flame            Conj/Fire      0%         6-21      87%         3
 Dazzling Flash           Conj/Hex       0%         N/A       87%         3
 Ignite Poison            Fire/Tmut/Pois 0%         N/A       87%         3
 Inner Flame              Hex/Fire       0%         N/A       87%         3
 Lesser Beckoning         Tloc           0%         N/A       87%         3
 Mephitic Cloud           Conj/Pois/Air  0%         N/A       87%         3
 Ozocubu's Armour         Ice            0%         N/A       87%         3
 Portal Projectile        Hex/Tloc       0%         N/A       87%         3
 Stone Arrow              Conj/Erth      0%         3d7       87%         3
 Summon Guardian Golem    Hex/Summ       0%         N/A       87%         3
 Swiftness                Air            0%         N/A       87%         3
 Animate Armour           Summ/Erth      0%         N/A       99%         4
 Animate Dead             Necr           0%         N/A       99%         4
 Dispel Undead            Necr           0%         3d6       99%         4
 Fulminant Prism          Conj/Hex       0%         3d6       99%         4
 Hailstorm                Conj/Ice       0%         3d3       99%         4
 Ice Form                 Ice/Tmut       0%         N/A       99%         4
 Iskenderun's Mystic Bla  Conj/Tloc      0%         2d3       99%         4
 Leda's Liquefaction      Hex/Erth       0%         N/A       99%         4
 Passage of Golubria      Tloc           N/A        N/A       99%         4
 Petrify                  Tmut/Erth      0%         N/A       99%         4
 Sticky Flame             Conj/Fire      0%         2d3       99%         4
 Summon Ice Beast         Ice/Summ       0%         N/A       99%         4
 Agony                    Necr           0%         N/A       100%        5
 Alistair's Intoxication  Tmut/Pois      0%         N/A       100%        5
 Blade Hands              Tmut           0%         N/A       100%        5
 Bolt of Magma            Conj/Fire/Erth 0%         4d4       100%        5
 Borgnjor's Vile Clutch   Necr/Erth      0%         N/A       100%        5
 Excruciating Wounds      Necr           0%         N/A       100%        5
 Fireball                 Conj/Fire      0%         3d3       100%        5
 Irradiate                Conj/Tmut      0%         3d13      100%        5
 Iskenderun's Battlesphe  Conj           0%         2d6       100%        5
 Lee's Rapid Deconstruct  Erth           0%         3d5*      100%        5
 Manifold Assault         Tloc           0%         N/A       100%        5
 Metabolic Englaciation   Hex/Ice        0%         N/A       100%        5
 Silence                  Hex/Air        0%         N/A       100%        5
 Summon Forest            Summ/Tloc      0%         N/A       100%        5
 Summon Mana Viper        Hex/Summ       0%         N/A       100%        5
 Conjure Ball Lightning   Conj/Air       0%         3x3d6     100%        6
 Death Channel            Necr           0%         N/A       100%        6
 Eringya's Noxious Bog    Tmut/Pois      0%         N/A       100%        6
 Invisibility             Hex            0%         N/A       100%        6
 Shadow Creatures         Summ           N/A        N/A       100%        6
 Simulacrum               Ice/Necr       0%         N/A       100%        6
 Starburst                Conj/Fire      0%         6d3       100%        6
 Statue Form              Tmut/Erth      0%         N/A       100%        6
 Dragon Form              Tmut           0%         N/A       100%        7
 Monstrous Menagerie      Summ           0%         N/A       100%        7
 Orb of Destruction       Conj           0%         N/A       100%        7
 Ozocubu's Refrigeration  Ice            0%         4d5       100%        7
 Borgnjor's Revivificati  Necr           0%         N/A       100%        8
 Lehudib's Crystal Spear  Conj/Erth      0%         10d2      100%        8
 Necromutation            Tmut/Necr      0%         N/A       100%        8
 Chain Lightning          Conj/Air       0%         N/A       100%        9
 Death's Door             Necr           0%         N/A       100%        9
 Fire Storm               Conj/Fire      0%         5d1       100%        9
 Shatter                  Erth           0%         3d5*      100%        9


Dungeon Overview and Level Annotations

Branches:
Dungeon (15/15)            Temple (1/1) D:5            Lair (6/6) D:8
  Swamp (4/4) Lair:4       Spider (4/4) Lair:2        Slime (0/5) Lair:5
    Orc (2/2) D:10            Elf (3/3) Orc:2        Vaults (5/5) D:14
  Crypt (3/3) Vaults:2       Tomb (0/3) Crypt:3      Depths (5/5) D:15
   Hell (visited)             Dis (0/7) Hell            Geh (3/7) Hell
    Tar (7/7) Hell            Zot (1/5) Depths:5    Ossuary (visited)
 Bailey (visited)           IceCv (visited)
    Coc: Hell:1

Altars:
Ashenzari
Cheibriados
Fedhas
Gozag
Hepliaklqana
Kikubaaqudgha
Makhleb
Nemelex Xobeh
Okawaru
Ru
Sif Muna
Trog
Xom
Yredelemnul
The Shining One
Beogh
Jiyva

Shops:
D:9 =*   Orc:2 =:(*[   Vaults:2 :   Vaults:4 ?[[   Depths:1 *   Depths:2 :
Depths:5 *

Portals:
Hell: Depths:1 Depths:2 Depths:3 Depths:4 Depths:5
Abyss: Depths:2 Depths:3 Depths:4
Pandemonium: Depths:1 Depths:2 Depths:3
Ziggurat: Depths:5

Annotations:
D:9 exclusion: ice statue
Lair:4 exclusion: 2 oklob plants
Lair:5 1 runed translucent door
Spider:1 exclusion: oklob plant
Vaults:1 3 runed translucent doors, Vaocoss's ghost, adept GrFi
Depths:4 1 runed translucent door, Zeebu's ghost, master DsAK
Hell exclusion: 2 ice statues


Innate Abilities, Weirdness & Mutations

You have a pair of horns on your head.
You reflexively headbutt those who attack you in melee.
You sometimes lose the ability to read scrolls when taking damage.


Message History

The searing blast hits the shadow dragon!!
The shadow dragon dies!
The Shining One accepts your kill.
The Shining One blesses your red draconian with more time in this world.
Your yellow draconian hits the yellow draconian with a +0 flail!
Your black draconian hits the yellow draconian from afar with a +0 trident!
A green draconian monk comes into view.
You block the yellow draconian stormcaller's attack.
Unknown command.
You feel yourself speed up. You block the storm dragon's attack. x3
You block the golden dragon's attack. x2
The golden dragon tramples you but does no damage.
The yellow draconian hits you but does no damage.
The green draconian closely misses you.
Your angel hits the storm dragon but does no damage. x2
Your storm dragon barely misses the shadow dragon.
Your storm dragon claws the shadow dragon but does no damage.
Your storm dragon tramples the shadow dragon.
The shadow dragon holds its ground!
The purple draconian hits your red draconian with a +1 short sword of venom!!
Your red draconian is poisoned.
The storm dragon bites your angel!
The storm dragon claws your angel but does no damage.
The storm dragon barely misses your angel.
The shadow dragon is engulfed in blazing flames.
The shadow dragon completely misses you.
You riposte.
You slice the shadow dragon like a ripe choko!!!
The shadow dragon is heavily wounded.
The shadow dragon barely misses you.
The shadow dragon claws you but does no damage.
Your yellow draconian shifter closely misses the purple draconian.
Your red draconian hits the yellow draconian with a +0 glaive!
Your purple draconian knight closely misses the yellow draconian.
Your red draconian barely misses the purple draconian.
Your white draconian hits the moth of wrath with a +0 halberd!
You block the yellow draconian's attack.
You block the golden dragon's attack. x2; The golden dragon barely misses you.
The green draconian hits you from afar with a +0 halberd!
You die...

.....# ...##
#>d...# ....####
..q....#.......##
#.>>..#.......!
#.....q#d......
#..q.ddd.......
#...D.ydq#.....
####.DdDdd#...
###@qd..#
##Dk...#
.kA....$.
.........
..........
D.........
....####... .. #.


You could see a shadow dragon (berserk), 2 draconians, a golden dragon
(berserk), a storm dragon (berserk, ally target), 2 draconians, 2 draconians, a
purple draconian (berserk, ally target), a yellow draconian stormcaller (ally
target), a lindwurm (summoned), a moth of wrath (ally target), a rime drake
(summoned), a friendly purple draconian knight (summoned), a friendly storm
dragon (summoned), a friendly angel (summoned), a friendly black draconian
(summoned), a friendly yellow draconian (summoned), 2 friendly draconians, a
friendly white draconian (summoned, catching breath) and a friendly yellow
draconian shifter (summoned).

Vanquished Creatures
  Ereshkigal (Tar:7)
  5 dread liches
  An ancient lich (Vaults:5)
  Mara (Crypt:3)
  A juggernaut (Depths:1)
  Saint Roka (Vaults:5)
  3 caustic shrikes
  A curse toe (Crypt:3)
  The ghost of mantisjm the Hoplite, a veteran HOFi of Qazlal (Vaults:4)
  Geryon (Hell)
  3 golden dragons
  14 Tzitzimimeh
  4 bone dragons
  A Brimstone Fiend (Geh:1)
  4 doom hounds
  3 tentacled monstrosities
  9 deep elf blademasters
  8 liches
  9 deep elf master archers
  A quicksilver dragon (Vaults:5)
  15 titans
  Gastronok (D:9)
  9 ancient champions
  8 sphinxes
  2 death cobs (Zot:1)
  5 thorn hunters
  Kirke (Swamp:4)
  8 tengu reavers
  7 storm dragons
  9 shadow dragons
  3 revenants
  Roxanne (Spider:1)
  Agnes (Elf:2)
  24 frost giants
  21 fire giants
  11 deep elf sorcerers
  3 ghost moths (Spider:4)
  3 iron dragons
  The ghost of PeterMcNeter the Basher, a journeyman DgFi (Spider:2)
  25 vault wardens
  2 balrugs
  4 orc warlords
  Aizul (Swamp:4)
  Louise (Depths:4)
  A deep elf elementalist (Elf:3)
  8 emperor scorpions
  4 ghouls (Crypt:3)
  4 caustic shrike skeletons (Crypt:3)
  21 ironbound preservers
  5 war gargoyles
  27 stone giants
  5 draconian stormcallers (Depths:5)
  Nessos (Orc:2)
  4 vampire knights
  20 reapers
  31 very ugly things
  5 deep elf demonologists
  14 bunyips
  2 green draconians
  A dire elephant (Vaults:1)
  3 black draconians
  11 deep elf annihilators
  5 entropy weavers
  2 red draconians
  13 spark wasps
  3 white draconians
  A dire elephant (shapeshifter) (Vaults:5)
  A purple draconian (Depths:5)
  6 eidola
  10 ettins
  2 blizzard demons (Hell)
  2 quicksilver dragon zombies
  5 eleionomae
  7 deep elf death magi
  A crystal guardian (Vaults:4)
  12 deep elf high priests
  5 fire dragons
  21 jiangshi
  A fire dragon (shapeshifter) (Vaults:5)
  3 shambling mangroves
  5 ironbound thunderhulks
  32 hydras
  9 yaktaur captains
  3 hell beasts
  A salamander tyrant (Depths:4)
  9 boulder beetles
  4 rakshasas
  9 great orbs of eyes
  31 vault guards
  9 ice dragons
  3 peacekeepers
  2 ghost crabs (Swamp:2)
  6 centaur warriors
  A quicksilver dragon skeleton (Tar:5)
  5 ogre magi
  A death knight (Crypt:1)
  12 ironbound frosthearts
  A fenstrider witch skeleton (Crypt:3)
  A spriggan air mage (Depths:5)
  8 alligators
  Erica (D:10)
  5 ironbound beastmasters
  9 two-headed ogres
  10 vampire magi
  23 death yaks
  8 tengu warriors
  6 deep troll earth magi
  3 spriggan berserkers
  5 deep troll shamans
  A titan zombie (Crypt:1)
  32 dancing weapons
  19 deep elf knights
  6 hell hogs
  13 sun demons
  A storm dragon zombie (Tar:2)
  14 soul eaters
  8 orc high priests
  6 titan skeletons
  Nergalle (Lair:2)
  55 skeletal warriors
  27 hell knights
  4 shadow wraiths
  3 goliath frogs
  7 iron trolls
  A sixfirhy (Depths:1)
  5 storm dragon skeletons
  62 deep trolls
  2 golden dragon zombies
  7 swamp dragons
  A glowing orange brain (Vaults:3)
  5 spriggan druids
  An infernal demonspawn (Depths:2)
  12 shadow demons
  2 salamander mystics
  8 flayed ghosts
  11 deep elf archers
  25 ironbound convokers
  3 torturous demonspawn
  Pikel (D:6)
  15 phantasmal warriors
  A golden dragon skeleton (Tar:2)
  3 anaconda skeletons
  2 anaconda zombies (Hell)
  7 lindwurms
  A kraken simulacrum (Hell)
  2 shadow dragon zombies
  7 necromancers
  16 orb spiders
  11 wizards
  2 iron dragon zombies
  14 orc knights
  3 wolf spider zombies
  2 frost giant zombies
  21 deep elf pyromancers
  2 manticores (D:12)
  2 fire giant zombies
  51 ugly things
  3 stone giant zombies (Tar:7)
  33 deep elf zephyrmancers
  7 orc sorcerers
  3 will-o-the-wisps
  2 tengu skeletons
  2 shadow dragon skeletons
  4 moths of wrath
  8 salamanders
  A moth of wrath (shapeshifter) (Vaults:2)
  30 wolf spiders
  A fire giant skeleton (Depths:3)
  An iron dragon skeleton (Tar:2)
  2 stone giant skeletons
  Joseph (D:9)
  5 cyclopes
  3 frost giant skeletons
  22 vault sentinels
  2 spriggan zombies
  4 black mambas
  2 torpor snails
  9 elephants
  8 rust devils
  A guardian serpent (shapeshifter) (Depths:4)
  3 dire elephant skeletons
  An ice statue (IceCv)
  10 smoke demons
  A shock serpent zombie (Crypt:3)
  2 orange demons
  2 gargoyles
  5 molten gargoyles
  17 cane toads
  17 demonic crawlers
  An unseen horror (D:13)
  Maggie (D:7)
  3 rime drakes
  A purple draconian zombie (Crypt:1)
  35 yaktaurs
  Psyche (D:11)
  5 komodo dragons
  4 hellions
  A shock serpent skeleton (Tar:5)
  7 spectral swamp worms (Tar:7)
  4 kobold demonologists
  11 freezing wraiths
  A swamp worm zombie (Crypt:2)
  4 tormentors
  A sea snake zombie (Crypt:1)
  5 tengu conjurers
  4 ice devils
  3 efreet
  A hellwing (Depths:1)
  5 trolls
  A death yak skeleton (Crypt:1)
  56 jumping spiders
  A troll (shapeshifter) (Elf:3)
  14 polar bears
  3 red devils
  44 hornets
  A meliai (shapeshifter) (D:15)
  A silent spectre (Tar:7)
  6 tyrant leeches
  2 hydra skeletons
  Grinder (D:5)
  A polar bear (shapeshifter) (D:14)
  A raiju (shapeshifter) (Vaults:5)
  Prince Ribbit (D:7)
  35 slime creatures
  2 harpy skeletons
  19 blink frogs
  An alligator zombie (Hell)
  2 dream sheep (Lair:6)
  A blink frog (shapeshifter) (Elf:1)
  A guardian serpent skeleton (Crypt:2)
  20 flying skulls
  A centaur simulacrum (D:14)
  90 redbacks
  2 air elementals
  2 ettin skeletons (Crypt:3)
  3 ice dragon skeletons
  32 spriggans
  A fire dragon skeleton (Crypt:3)
  8 shadows
  20 tarantellas
  A redback (shapeshifter) (Vaults:5)
  A spriggan (shapeshifter) (D:14)
  2 ynoxinuls
  8 water elementals
  62 yaks
  An alligator skeleton (Hell)
  10 wraiths
  Eustachio (D:6)
  5 fire bats
  9 wyverns
  A black mamba skeleton (Crypt:1)
  8 fire elementals
  2 hogs (Swamp:4)
  2 basilisks
  2 chaos spawn
  A neqoxec (Depths:3)
  10 vampire mosquitoes
  Menkaure (D:6)
  5 wargs
  16 swamp worms
  A merfolk zombie (Hell)
  6 acid dragons
  18 water moccasins
  A floating eye (Depths:4)
  Duvessa (D:6)
  A cane toad zombie (Tar:7)
  A swamp worm (shapeshifter) (Vaults:5)
  2 hell hounds (Geh:2)
  58 orc warriors
  An ice beast (D:8)
  A merfolk skeleton (Tar:7)
  10 swamp drakes
  7 black bears
  3 sky beasts (D:6)
  10 ogres
  13 boggarts
  2 alligator simulacra (Hell)
  39 wolves
  7 centaurs
  A snapping turtle skeleton (Crypt:3)
  13 necrophages
  A swamp dragon skeleton (Tar:2)
  A manticore skeleton (Crypt:3)
  4 phantoms
  4 lemures (D:6)
  6 kobold brigands
  2 elf zombies (Ossuary)
  A palentonga zombie (Crypt:3)
  A draconian zombie (Crypt:2)
  A gnoll sergeant (D:10)
  8 scorpions
  11 bullfrogs
  Dowan (D:6)
  A draconian skeleton (Crypt:3)
  A glowing shapeshifter simulacrum (Depths:2)
  A wyvern skeleton (D:7)
  A cyclops skeleton (Crypt:3)
  A water moccasin skeleton (D:7)
  2 troll zombies
  31 wights
  16 killer bees
  5 howler monkeys
  4 electric eels
  2 crimson imps (Tar:2)
  5 centaur zombies
  A human zombie (Ossuary)
  A jelly (D:6)
  2 bullfrog zombies (D:6)
  4 hounds
  A bullfrog skeleton (D:5)
  30 orc priests
  A centaur skeleton (D:6)
  A basilisk skeleton (Crypt:1)
  32 orc wizards
  5 iguanas
  An iguana (shapeshifter) (Vaults:5)
  5 hell rats
  A killer bee zombie (D:8)
  A naga zombie (Crypt:2)
  A dwarf skeleton (Crypt:2)
  An acid dragon skeleton (Crypt:3)
  3 hound zombies (Ossuary)
  3 mummies (Ossuary)
  A howler monkey zombie (Crypt:2)
  Robin (D:2)
  A gnoll (D:10)
  A howler monkey skeleton (Crypt:1)
  3 adders
  9 shadow imps
  A white imp (D:6)
  An ufetubus (D:7)
  3 adder zombies (Ossuary)
  A worm (D:3)
  2 barachi skeletons
  2 dart slugs
  143 orcs
  10 bats
  5 endoplasms
  4 giant cockroaches
  12 goblins
  10 hobgoblins
  2 jackals (D:2)
  6 quokkas
  11 ball pythons
  5 frilled lizards
  2 gnoll zombies (Ossuary)
  5 goblin zombies
  4 hobgoblin zombies (Ossuary)
  6 jackal zombies (Ossuary)
  17 kobolds
  A kobold skeleton (Crypt:3)
  5 kobold zombies
  An orc zombie (Ossuary)
  A quokka skeleton (Crypt:1)
  2 quokka zombies (Ossuary)
  6 rats
  2 rat zombies (Ossuary)
  A briar patch (Swamp:3)
  2 bushes
2753 creatures vanquished.

Vanquished Creatures (collateral kills)
  4 Tzitzimimeh
  A doom hound (Tar:2)
  A shadow dragon (Zot:1)
  A balrug (Geh:2)
  10 reapers
  A lorocyproca (Hell)
  2 spectral krakens (Tar:7)
  5 hell hogs
  A titan zombie (Tar:2)
  5 soul eaters (Tar:7)
  3 sun demons
  A storm dragon zombie (Tar:2)
  3 hell knights (Hell)
  A titan skeleton (Tar:7)
  A death drake (Tar:1)
  10 skeletal warriors
  A ghost moth zombie (Geh:3)
  A phantasmal warrior (Tar:7)
  7 shadow demons
  A golden dragon skeleton (Tar:7)
  2 deep elf zephyrmancers (Crypt:3)
  2 anaconda skeletons
  2 frost giant zombies
  A wolf spider zombie (Tar:7)
  4 necromancers
  2 shadow dragon skeletons
  An iron dragon skeleton (Tar:7)
  A stone giant skeleton (Tar:7)
  A titan simulacrum (Hell)
  3 smoke demons
  4 spectral swamp worms (Tar:7)
  A molten gargoyle (Hell)
  2 shock serpent skeletons
  5 hellions
  A tormentor (Geh:1)
  A freezing wraith (Hell)
  A yellow draconian skeleton (Tar:2)
  2 silent spectres
  A minotaur skeleton (Hell)
  A harpy zombie (Tar:7)
  4 red devils
  2 hydra zombies
  A hydra skeleton (Tar:7)
  16 flying skulls
  9 shadows
  2 wraiths
  4 fire elementals
  A fire bat (Geh:2)
  A hydra simulacrum (Tar:2)
  A manticore zombie (Hell)
  11 necrophages
  An elf skeleton (Hell)
  16 wights
  A centaur zombie (Tar:6)
  4 hell rats (Hell)
  5 shadow imps
  A tentacle (Tar:7)
178 creatures vanquished.

Vanquished Creatures (others)
  Asterion (Depths:2)
  A fire giant (Depths:3)
  A vault warden (Vaults:2)
  A wizard (Vaults:2)
  2 deep elf zephyrmancers
  A yaktaur (Vaults:2)
  2 bloated husks
  2 flying skulls
  A spriggan (Swamp:3)
  A human (Swamp:4)
  2 wights (Geh:1)
  2 orc wizards
  An orc (D:10)
  A briar patch (Swamp:1)
  4 foxfires
  44 fungi
  61 plants
  13 tentacles
141 creatures vanquished.

Grand Total: 3072 creatures vanquished

Notes
Turn   | Place    | Note
-------+----------+-------------------------------------------
     0 | D:1      | alasdair19 the Minotaur Fighter began the quest for the
                  | Orb.
     0 | D:1      | Reached XP level 1. HP: 19/19 MP: 0/0
    87 | D:1      | Found a faded altar of an unknown god.
   327 | D:1      | Reached XP level 2. HP: 21/27 MP: 1/1
  1226 | D:2      | Reached XP level 3. HP: 33/33 MP: 2/2
  1283 | D:2      | Noticed Robin
  1288 | D:2      | Killed Robin
  1294 | D:2      | Reached skill level 1 in Slings
  1451 | D:2      | Found a shimmering altar of Xom.
  1704 | D:2      | Reached XP level 4. HP: 40/40 MP: 3/3
  2148 | D:3      | Found an opulent altar of Gozag.
  2420 | D:3      | Reached XP level 5. HP: 36/47 MP: 4/4
  2633 | D:4      | Found a sand-covered staircase.
  2642 | Ossuary  | Entered an ossuary
  2754 | Ossuary  | Reached skill level 5 in Armour
  2754 | Ossuary  | Reached XP level 6. HP: 42/53 MP: 5/5
  2889 | Ossuary  | Reached skill level 5 in Long Blades
  2929 | Ossuary  | Reached skill level 5 in Shields
  3261 | D:4      | Identified the +7 scimitar of Yteoll {speed, +Blink Stlth+}
  3271 | D:4      | Reached XP level 7. HP: 60/60 MP: 6/6
  3560 | D:5      | Entered Level 5 of the Dungeon
  3573 | D:5      | Reached skill level 5 in Fighting
  3806 | D:5      | Found a staircase to the Ecumenical Temple.
  3821 | Temple   | Entered the Ecumenical Temple
  3836 | Temple   | Became a worshipper of Warmaster Okawaru
  3877 | D:5      | Noticed a wyvern
  3886 | D:5      | Killed a wyvern
  4015 | D:5      | Noticed a wyvern
  4024 | D:5      | Killed a wyvern
  4025 | D:5      | Reached skill level 1 in Evocations
  4025 | D:5      | Reached XP level 8. HP: 58/68 MP: 7/7
  4096 | D:5      | Reached * piety under Okawaru
  4142 | D:5      | Noticed Grinder
  4154 | D:5      | Killed Grinder
  4521 | D:6      | Noticed Duvessa
  4521 | D:6      | Noticed Dowan
  4526 | D:6      | Killed Duvessa
  4908 | D:6      | Noticed Menkaure
  4915 | D:6      | Reached ** piety under Okawaru
  4918 | D:6      | Killed Menkaure
  4919 | D:6      | Reached skill level 1 in Throwing
  4919 | D:6      | Reached XP level 9. HP: 27/75 MP: 8/8
  5280 | D:6      | Noticed Eustachio
  5295 | D:6      | Killed Eustachio
  5295 | D:6      | Reached *** piety under Okawaru
  5587 | D:6      | Killed Dowan
  5840 | D:6      | Noticed Pikel
  5924 | D:6      | Killed Pikel
  5924 | D:6      | Reached **** piety under Okawaru
  5925 | D:6      | Reached skill level 10 in Long Blades
  5925 | D:6      | Reached skill level 1 in Invocations
  6566 | D:6      | Received a gift from Okawaru
  6602 | D:7      | Noticed Prince Ribbit
  6619 | D:7      | Killed Prince Ribbit
  6620 | D:7      | Reached XP level 10. HP: 85/86 MP: 10/10
  6842 | D:7      | Noticed Maggie
  6854 | D:7      | Killed Maggie
  7139 | D:7      | Identified the +9 dagger of the Boiling Point {pain, rC+
                  | Int+3}
  7147 | D:7      | Identified a scroll of acquirement
  7340 | D:8      | Noticed a death yak
  7355 | D:8      | Killed a death yak
  7355 | D:8      | Reached ***** piety under Okawaru
  7356 | D:8      | Noticed a death yak
  7356 | D:8      | Noticed a death yak
  7358 | D:8      | Noticed a death yak
  7359 | D:8      | Noticed a death yak
  7360 | D:8      | Noticed a death yak
  7362 | D:8      | Noticed a death yak
  7371 | D:7      | Killed a death yak
  7372 | D:7      | Reached skill level 10 in Armour
  7608 | D:8      | Noticed a death yak
  7614 | D:8      | Killed a death yak
  7614 | D:8      | Received a gift from Okawaru
  7623 | D:8      | Killed a death yak
  7628 | D:8      | Killed a death yak
  7629 | D:8      | Reached XP level 11. HP: 70/94 MP: 11/13
  7639 | D:8      | Killed a death yak
  7649 | D:8      | Killed a death yak
  7672 | D:8      | Killed a death yak
  7972 | D:8      | Found a staircase to the Lair.
  8102 | D:8      | Reached skill level 5 in Invocations
  8712 | Lair:1   | Entered Level 1 of the Lair of Beasts
  8896 | Lair:1   | Received a gift from Okawaru
  9399 | Lair:2   | Found a frozen archway.
  9410 | IceCv    | Entered an ice cave
  9499 | IceCv    | Reached ****** piety under Okawaru
  9638 | IceCv    | Received a gift from Okawaru
  9642 | IceCv    | Reached XP level 12. HP: 105/105 MP: 15/15
  9728 | IceCv    | Noticed a death yak
  9728 | IceCv    | Noticed a death yak
  9729 | IceCv    | Noticed a death yak
  9737 | IceCv    | Killed a death yak
  9744 | IceCv    | Killed a death yak
  9751 | IceCv    | Killed a death yak
  9799 | IceCv    | Noticed a death yak
  9800 | IceCv    | Noticed a death yak
  9817 | IceCv    | Killed a death yak
  9836 | IceCv    | Killed a death yak
  9837 | IceCv    | Reached skill level 10 in Fighting
 10028 | IceCv    | Noticed a death yak
 10028 | IceCv    | Noticed a frost giant
 10028 | IceCv    | Noticed a death yak
 10028 | IceCv    | Noticed a death yak
 10035 | IceCv    | Killed a death yak
 10035 | IceCv    | Received a gift from Okawaru
 10035 | IceCv    | Received a gift from Okawaru
 10048 | IceCv    | Killed a frost giant
 10061 | IceCv    | Killed a death yak
 10070 | IceCv    | Killed a death yak
 10421 | IceCv    | Identified the +1 quarterstaff "Syevid" {drain, rPois rF-
                  | Int+4}
 10803 | Lair:2   | Noticed an eight-headed hydra
 10833 | Lair:2   | Killed an eight-headed hydra
 11114 | Lair:2   | Reached skill level 1 in Short Blades
 11168 | Lair:2   | Noticed a five-headed hydra
 11182 | Lair:2   | Killed a five-headed hydra
 11183 | Lair:2   | Reached XP level 13. HP: 97/115 MP: 18/18
 11333 | Lair:2   | Noticed Nergalle
 11345 | Lair:2   | Killed Nergalle
 11345 | Lair:2   | Identified the +0 cloak of Minor Irritation {rPois Dex+4}
                  | (Okawaru gifted it to you on level 2 of the Lair of Beasts)
 11345 | Lair:2   | Received a gift from Okawaru
 11551 | Lair:2   | Found a hole to the Spider Nest.
 13044 | Lair:3   | Reached skill level 10 in Shields
 13563 | Lair:4   | Reached skill level 15 in Long Blades
 13669 | Lair:4   | Found a staircase to the Swamp.
 15021 | Lair:5   | Received a gift from Okawaru
 15515 | Lair:5   | Found a runed translucent door.
 15515 | Lair:5   | Found a viscous altar of Jiyva.
 15516 | Lair:5   | Noticed an acid blob
 15519 | Lair:5   | Found a staircase to the Slime Pits.
 15519 | Lair:5   | Noticed an acid blob
 15520 | Lair:5   | Noticed an acid blob
 15927 | Lair:5   | Reached XP level 14. HP: 115/126 MP: 20/20
 16069 | Lair:6   | Entered Level 6 of the Lair of Beasts
 16128 | Lair:5   | Identified the +2 robe of Shielding {Regen+ Dex+3}
 16837 | Lair:6   | Received a gift from Okawaru
 16926 | Lair:6   | Reached skill level 10 in Invocations
 17388 | Lair:6   | Received a gift from Okawaru
 18321 | D:9      | Found Unwi's Changing Room.
 18629 | D:9      | Noticed Gastronok
 18644 | D:9      | Killed Gastronok
 18741 | D:9      | Found Volugral's Jewellery Shoppe.
 18758 | D:9      | Bought the ring of Equilibrium {Will+ Int+3 SInv} for 595
                  | gold pieces
 18758 | D:9      | Bought a ring of protection from fire for 350 gold pieces
 19404 | D:9      | Noticed Joseph
 19413 | D:9      | Killed Joseph
 19848 | D:10     | Entered Level 10 of the Dungeon
 19903 | D:10     | Noticed Erica
 19909 | D:10     | Identified the +0 cloak of Viny Intercession {rElec Int+2}
                  | (Okawaru gifted it to you on level 10 of the Dungeon)
 19909 | D:10     | Received a gift from Okawaru
 19914 | D:10     | Killed Erica
 20179 | D:10     | Found a staircase to the Orcish Mines.
 20184 | D:10     | Reached XP level 15. HP: 136/136 MP: 21/21
 20535 | Orc:1    | Entered Level 1 of the Orcish Mines
 20598 | Orc:1    | Paralysed by an orc sorcerer for 2 turns
 21020 | Orc:2    | Entered Level 2 of the Orcish Mines
 21263 | Orc:2    | Found a staircase to the Elven Halls.
 21282 | Orc:2    | Found Hoamu's Jewellery Shop.
 21296 | Orc:2    | Noticed Nessos
 21302 | Orc:2    | Killed Nessos
 22458 | Orc:2    | Noticed an orc warlord
 22470 | Orc:2    | Killed an orc warlord
 22905 | Orc:2    | Found Kuih's Antique Armour Emporium.
 22906 | Orc:2    | Found Zefeiph's Antique Weapon Emporium.
 22907 | Orc:2    | Found Haotsy's General Store.
 22907 | Orc:2    | Found Masattuihi's Book Shoppe.
 22940 | Orc:2    | Bought 3 scrolls of identify for 108 gold pieces
 22966 | Orc:2    | Bought a glowing kite shield for 315 gold pieces
 23012 | Orc:1    | Paralysed by an orc sorcerer for 3 turns
 23938 | D:11     | Noticed Psyche
 23947 | D:11     | Killed Psyche
 23990 | D:11     | You fall into a shaft and drop 2 floors!
 24037 | D:12     | Received a gift from Okawaru
 24752 | D:12     | Received a gift from Okawaru
 25119 | D:12     | Got the Disquisition on Harmful Ignition
 25192 | D:12     | Found an ancient bone altar of Kikubaaqudgha.
 25338 | D:12     | Received a gift from Okawaru
 25733 | Orc:2    | Bought the ring of Peace {Fly rElec Str+6} for 969 gold
                  | pieces
 26013 | Swamp:1  | Entered Level 1 of the Swamp
 26041 | Swamp:1  | Reached skill level 5 in Slings
 26189 | Swamp:1  | Noticed a thorn hunter
 26236 | Swamp:1  | Killed a thorn hunter
 26401 | Swamp:1  | Reached XP level 16. HP: 126/147 MP: 23/23
 27682 | Swamp:2  | Received a gift from Okawaru
 28391 | Swamp:3  | Noticed a thorn hunter
 28407 | Swamp:3  | Killed a thorn hunter
 28652 | Swamp:3  | Noticed a thorn hunter
 28662 | Swamp:3  | Killed a thorn hunter
 28663 | Swamp:3  | Reached skill level 15 in Fighting
 28740 | Swamp:3  | Noticed a thorn hunter
 28758 | Swamp:3  | Killed a thorn hunter
 28772 | Swamp:3  | Reached skill level 15 in Shields
 29046 | Swamp:3  | Noticed a thorn hunter
 29066 | Swamp:3  | Killed a thorn hunter
 29894 | Swamp:4  | Entered Level 4 of the Swamp
 30325 | Swamp:3  | Reached skill level 15 in Armour
 30802 | Swamp:4  | Identified the -2 pair of boots of Okawaru's Inspiration
                  | {rCorr} (Okawaru gifted it to you on level 4 of the Swamp)
 30802 | Swamp:4  | Received a gift from Okawaru
 30819 | Swamp:4  | Noticed Kirke
 30836 | Swamp:4  | Killed Kirke
 31309 | Swamp:3  | Reached skill level 5 in Throwing
 31565 | Swamp:3  | Reached XP level 17. HP: 153/156 MP: 25/25
 32304 | Swamp:4  | Noticed Aizul
 32332 | Swamp:4  | Killed Aizul
 32856 | Swamp:4  | Got a decaying rune of Zot
 33257 | Spider:1 | Entered Level 1 of the Spider Nest
 33814 | Spider:1 | Noticed Roxanne
 34331 | Spider:1 | Killed Roxanne
 34599 | Spider:1 | Identified the +5 falchion of Eternal Harmony {vamp, Int+2
                  | Dex+2} (Okawaru gifted it to you on level 1 of the Spider
                  | Nest)
 34599 | Spider:1 | Received a gift from Okawaru
 35722 | Spider:2 | Found a runed translucent door.
 35722 | Spider:2 | Found a shimmering altar of Xom.
 35722 | Spider:2 | Noticed PeterMcNeter's ghost (journeyman DgFi)
 35722 | Spider:2 | Found the +3 salamander hide armour {Flames rF++ rC--}
 35764 | Spider:2 | Killed PeterMcNeter's ghost
 36526 | Spider:2 | Received a gift from Okawaru
 37156 | Spider:2 | Received a gift from Okawaru
 37853 | Spider:3 | Reached XP level 18. HP: 168/168 MP: 26/26
 38483 | Spider:4 | Entered Level 4 of the Spider Nest
 39645 | Spider:4 | Received a gift from Okawaru
 39866 | Spider:4 | Received a gift from Okawaru
 41050 | Spider:4 | Received a gift from Okawaru
 41275 | Spider:4 | Got a gossamer rune of Zot
 42225 | D:13     | Found a broken altar of Ashenzari.
 43148 | D:14     | Found a flagged portal.
 43168 | Bailey   | Entered a bailey
 43764 | D:14     | Found a gate to the Vaults.
 44092 | D:15     | Entered Level 15 of the Dungeon
 44112 | D:15     | Reached skill level 5 in Evocations
 44306 | D:15     | Reached XP level 19. HP: 177/177 MP: 27/27
 44400 | D:15     | Found a staircase to the Depths.
 44684 | D:15     | Found a snail-covered altar of Cheibriados.
 44709 | D:15     | Received a gift from Okawaru
 45057 | Depths:1 | Entered Level 1 of the Depths
 45120 | Depths:1 | Found a one-way gate leading to the halls of Pandemonium.
 45589 | Vaults:1 | Entered Level 1 of the Vaults
 46578 | D:9      | Bought a ring of positive energy for 280 gold pieces
 47027 | Vaults:1 | Received a gift from Okawaru
 48303 | Vaults:1 | Found a runed translucent gate.
 48303 | Vaults:1 | Found a runed translucent gate.
 48304 | Vaults:1 | Found a runed translucent gate.
 48304 | Vaults:1 | Noticed Vaocoss's ghost (adept GrFi)
 48338 | Vaults:1 | Received a gift from Okawaru
 48844 | Vaults:2 | Received a gift from Okawaru
 49210 | Vaults:2 | Received a gift from Okawaru
 49227 | Vaults:2 | Reached XP level 20. HP: 125/188 MP: 28/28
 50448 | Vaults:2 | Found a staircase to the Crypt.
 50471 | Vaults:2 | Found Plog's Book Emporium.
 50953 | Vaults:2 | You are sucked into a shaft and drop 1 floor!
 51159 | Vaults:3 | Received a gift from Okawaru
 51387 | Vaults:3 | Received a gift from Okawaru
 52092 | Vaults:2 | Received a gift from Okawaru
 53104 | Vaults:4 | Found Gastreif's Antique Armour Shoppe.
 53110 | Vaults:4 | Identified the +0 tower shield of Pydgh {Drain rPois rN++}
 53762 | Vaults:4 | Found Plog's Magic Scroll Boutique.
 53855 | Vaults:3 | Reached XP level 21. HP: 198/198 MP: 29/29
 53936 | Vaults:4 | Bought a scroll of enchant weapon for 82 gold pieces
 54327 | Vaults:3 | Received a gift from Okawaru
 54509 | Vaults:4 | Noticed a golden dragon
 54521 | Vaults:4 | Killed a golden dragon
 54542 | Vaults:4 | Identified the +12 rapier "Mizaewk" {vamp, Int+4 Dex+2}
                  | (Okawaru gifted it to you on level 4 of the Vaults)
 54542 | Vaults:4 | Received a gift from Okawaru
 55345 | Vaults:4 | Bought a pair of translucent gloves for 304 gold pieces
 55345 | Vaults:4 | Identified the +2 pair of gloves of the Pits of Slime
                  | {rCorr Dex+4} (You bought it in a shop on level 4 of the
                  | Vaults)
 55357 | Vaults:4 | Bought an embroidered hat for 224 gold pieces
 55357 | Vaults:4 | Bought an embroidered hat for 224 gold pieces
 56871 | Vaults:4 | Found Tehar's Armour Emporium.
 56924 | Vaults:4 | Found a runed translucent gate.
 56924 | Vaults:4 | Found a runed translucent gate.
 56924 | Vaults:4 | Noticed mantisjm's ghost (veteran HOFi)
 56925 | Vaults:4 | Found a runed translucent gate.
 57430 | Vaults:4 | Identified the +7 broad axe of Risk Management {chaos,
                  | Fragile rCorr Int+5}
 57893 | Vaults:4 | Killed mantisjm's ghost
 57946 | Vaults:4 | Received a gift from Okawaru
 57947 | Vaults:4 | Reached skill level 10 in Evocations
 59420 | Depths:1 | Noticed a juggernaut
 59428 | Depths:1 | Killed a juggernaut
 59476 | Depths:1 | Noticed a caustic shrike
 59482 | Depths:1 | Killed a caustic shrike
 59779 | Depths:1 | Identified the +9 flail of the Eternal Void {venom, Int+4}
 59952 | Depths:1 | Found Tokkaz's Mayhem Merchandise.
 60025 | Depths:1 | Found a gateway to Hell.
 60244 | Depths:1 | Received a gift from Okawaru
 60245 | Depths:1 | Reached XP level 22. HP: 143/206 MP: 30/30
 60571 | Depths:2 | Noticed Asterion
 60573 | Depths:2 | Received a gift from Okawaru
 60589 | Depths:2 | Killed Asterion
 60819 | Depths:2 | Received a gift from Okawaru
 61585 | Depths:2 | Found a one-way gate to the infinite horrors of the Abyss.
 61948 | Depths:2 | Found Hief Ocw's Book Shop.
 62107 | Depths:3 | Identified the +2 cloak of Daisies {Harm +Inv} (Okawaru
                  | gifted it to you on level 3 of the Depths)
 62107 | Depths:3 | Received a gift from Okawaru
 62637 | Depths:3 | Noticed a caustic shrike
 62647 | Depths:3 | Killed a caustic shrike
 63103 | Depths:3 | Identified the +1 scale mail "Vaeloeg" {rF+ rC+ Will+
                  | Dex+4}
 63281 | Depths:3 | Found a portal to a secret trove of treasure.
 63584 | Depths:3 | Found a basalt altar of Yredelemnul.
 63632 | Depths:3 | Identified the +2 chain mail of Awe {Rampage Dex-3 SInv}
 64006 | Depths:4 | Found a runed translucent door.
 64006 | Depths:4 | Found a shimmering altar of Xom.
 64006 | Depths:4 | Noticed Zeebu's ghost (master DsAK)
 64007 | Depths:4 | Identified the +4 battleaxe of Busyraz {chaos, rC+ rN+}
 64210 | Depths:4 | Received a gift from Okawaru
 64211 | Depths:4 | Reached XP level 23. HP: 209/215 MP: 31/31
 64231 | Depths:4 | Noticed Louise
 64881 | Depths:4 | Noticed a caustic shrike
 64894 | Depths:4 | Killed a caustic shrike
 64894 | Depths:4 | Received a gift from Okawaru
 65362 | Depths:4 | Killed Louise
 65366 | Depths:4 | Received a gift from Okawaru
 65917 | Elf:1    | Entered Level 1 of the Elven Halls
 66011 | Elf:1    | Received a gift from Okawaru
 66118 | Elf:1    | Gained mutation: You sometimes lose the ability to read
                  | scrolls when taking damage. [a neqoxec]
 66388 | Elf:1    | Got the Grimoire of the Entourage
 66404 | Elf:1    | Found the +0 pair of fencer's gloves {Riposte Dex+3}
 66744 | Elf:1    | You are sucked into a shaft and drop 1 floor!
 66780 | Elf:2    | Identified the +1 plate armour "Utzimn" {rF+ Will+ rCorr}
 66938 | Elf:2    | Received a gift from Okawaru
 67205 | Elf:2    | Found a runed translucent gate.
 67206 | Elf:2    | Found a runed translucent gate.
 67206 | Elf:2    | Found a runed translucent gate.
 68405 | Elf:2    | Paralysed by an air elemental for 1 turns
 68411 | Elf:2    | Received a gift from Okawaru
 68846 | Elf:2    | Noticed Agnes
 68850 | Elf:2    | Killed Agnes
 69150 | Elf:3    | Entered Level 3 of the Elven Halls
 69427 | Elf:3    | Paralysed by an air elemental for 1 turns
 69640 | Elf:3    | Received a gift from Okawaru
 70100 | Elf:3    | Reached XP level 24. HP: 189/228 MP: 31/31
 70287 | Elf:3    | Identified the +8 broad axe of Usmi {venom, rC+ Int+4}
 70937 | Elf:3    | Identified the ring "Xivuegh" {rF+ Int+4 Dex+6}
 71048 | Elf:3    | Got the Grimoire of Poison
 71066 | Elf:3    | Identified the +1 dagger of Zyul {vamp, rElec Dex+4}
 71135 | Elf:3    | Identified the +4 war axe "Dragonslayer" {speed, rCorr
                  | Stlth+}
 71145 | Elf:3    | Identified the ring of Finality {Wiz rF++ rC- Str+6}
 73574 | Vaults:5 | Entered Level 5 of the Vaults
 73762 | Vaults:5 | Noticed an ancient lich
 73762 | Vaults:5 | Identified the +11 scimitar "Dofuddoe" {vorpal, rC+ Int+6}
                  | (Okawaru gifted it to you on level 5 of the Vaults)
 73762 | Vaults:5 | Received a gift from Okawaru
 73796 | Vaults:5 | Killed an ancient lich
 74530 | Vaults:5 | Received a gift from Okawaru
 74582 | Vaults:5 | Received a gift from Okawaru
 74618 | Vaults:5 | Received a gift from Okawaru
 74627 | Vaults:5 | Noticed a dread lich
 74638 | Vaults:5 | Killed a dread lich
 74676 | Vaults:5 | Identified the amulet of Xom's Ringing Laughter {Faith rN+}
 74695 | Vaults:5 | Reached XP level 25. HP: 172/237 MP: 31/31
 75302 | Vaults:5 | Noticed a dread lich
 75317 | Vaults:5 | Killed a dread lich
 75317 | Vaults:5 | Received a gift from Okawaru
 75827 | Vaults:5 | Identified the +2 dagger of Fedhas's Indignation {venom,
                  | rF+ Will+ Int+3 Dex+2}
 75888 | Vaults:5 | Got a silver rune of Zot
 76369 | Vaults:5 | Noticed a dread lich
 76382 | Vaults:5 | Killed a dread lich
 76404 | Vaults:5 | Noticed Saint Roka
 76417 | Vaults:5 | Killed Saint Roka
 76417 | Vaults:5 | Received a gift from Okawaru
 76859 | Lair:1   | Reached skill level 27 in Shields
 76859 | Lair:1   | Reached XP level 26. HP: 248/248 MP: 31/31
 77100 | Depths:5 | Entered Level 5 of the Depths
 77425 | Depths:5 | Found Becs's Neck Hole.
 77582 | Depths:5 | Found a gate to the Realm of Zot.
 78052 | Depths:5 | Reached skill level 15 in Evocations
 78360 | Depths:5 | Found a gateway to a ziggurat.
 78858 | Crypt:1  | Entered Level 1 of the Crypt
 79081 | Trove    | Entered a treasure trove
 79088 | Trove    | Identified the +0 hat "Usuips" {rN+++ Will+ Int-3}
 79090 | Trove    | Identified the +4 scale mail of Chill Winds {Str+6 Int-2
                  | Dex+9 SInv}
 79094 | Trove    | Identified the ring "Vaown" {Str+2 Dex+6}
 79100 | Trove    | Identified the amulet "Honiusty" {Spirit +Inv Int+4 Dex+4
                  | Slay+3}
 79110 | Trove    | Identified the +1 scimitar of the Skies Above {vorpal, rF+}
 79420 | Temple   | Fell from the grace of Okawaru
 79420 | Temple   | Became a worshipper of the Shining One
 79526 | Lair:1   | Acquired 885 gold pieces
 79533 | Lair:1   | Acquired a manual of Fighting
 79594 | Lair:1   | Acquired a manual of Invocations
 79599 | Lair:1   | Acquired the +3 double sword of Kotheh {vorpal, rPois MP-9
                  | Str+6}
 79925 | Crypt:1  | Reached * piety under the Shining One
 80189 | Crypt:1  | Reached ** piety under the Shining One
 80398 | Crypt:1  | Reached *** piety under the Shining One
 80693 | Crypt:2  | Noticed a dread lich
 80748 | Crypt:2  | Reached **** piety under the Shining One
 80809 | Crypt:2  | Killed a dread lich
 80810 | Crypt:2  | Reached XP level 27. HP: 260/260 MP: 31/31
 81392 | Crypt:2  | Reached ***** piety under the Shining One
 81699 | Crypt:3  | Entered Level 3 of the Crypt
 81748 | Crypt:3  | Found a staircase to the Tomb.
 82195 | Crypt:3  | Reached ****** piety under the Shining One
 82272 | Crypt:3  | Noticed a dread lich
 82277 | Crypt:3  | Killed a dread lich
 82279 | Crypt:3  | Found the +9 sword of Zonguldrok {reap}
 82289 | Crypt:3  | Identified the ring "Rilool" {rC++ Str+4 Int+6 Dex-2
                  | Stlth+}
 82316 | Crypt:3  | Identified the ring of Osatag {rElec rF+ Dex+3}
 82336 | Crypt:3  | Got the Reference Book on Earthen Calling
 82448 | Crypt:3  | Identified the ring of Symmetry {rF++ rN+}
 82573 | Crypt:3  | Identified the ring "Ighif" {rElec rC- rN+ Dex+6}
 82668 | Crypt:3  | Noticed Mara
 82687 | Crypt:3  | Noticed alasdair19's illusion
 82687 | Crypt:3  | Killed Mara
 83228 | Crypt:3  | Was forgiven by Okawaru
 83805 | Hell     | Entered the Vestibule of Hell
 83806 | Hell     | Noticed Geryon
 83823 | Hell     | Killed Geryon
 83856 | Hell     | Reached skill level 15 in Invocations
 84080 | Hell     | Found a gateway to the Iron City of Dis.
 84195 | Hell     | Found a gateway to the decaying netherworld of Tartarus.
 84204 | Tar:1    | Entered Level 1 of Tartarus
 84846 | Tar:3    | Identified the +5 tower shield of Xom's Righteous Anger
                  | {+Inv Str-2 Dex+2}
 85389 | Tar:7    | Entered Level 7 of Tartarus
 85922 | Tar:7    | Identified the +1 chain mail "Dix Odat" {rF+ Int+2}
 86229 | Tar:7    | Identified the ring of Askun {rPois rF+ Dex+6}
 86238 | Tar:7    | Acquired a manual of Slings
 86313 | Tar:7    | Reached skill level 27 in Fighting
 86360 | Tar:7    | Noticed Ereshkigal
 86372 | Tar:7    | Killed Ereshkigal
 86393 | Tar:7    | Identified the +5 dagger of Yrinium {vorpal, rN+++ rCorr
                  | Int+8 Dex-4}
 86404 | Tar:7    | Got a bone rune of Zot
 87401 | Hell     | Found a gateway to the ashen valley of Gehenna.
 87655 | Geh:1    | Entered Level 1 of Gehenna
 87954 | Geh:3    | Identified the +6 tower shield of Edghuunna {rElec Regen+
                  | Str+7}
 88263 | Zot:1    | Entered Level 1 of the Realm of Zot
 88291 | Zot:1    | HP: 5/273 [green draconian (17)]
 88292 | Zot:1    | Slain by a green draconian

Illustrated notes

Levels and vault maps discovered:
D:1:      tarquinn_simple_flora_water_b, layout_loops_corners,
          basic_ecumenical_altar
D:2:      layout_loops_ring, basic_altar, solitary_fountain,
          kennysheep_decorative_pillar, chequers_serial_rivers_micro_b,
          uniq_robin
D:3:      layout_rooms, grunt_gozag_statues
D:4:      layout_cave_pools, nicolae_ossuary_entry_monument
D:5:      layout_cave_pools, temple_statues, uniq_grinder
D:6:      layout_layer_cave, minmay_splitting_lines, uniq_eustachio,
          uniq_menkaure, uniq_pikel, uniq_duvessa
D:7:      layout_cave_pools, uniq_prince_ribbit1, uniq_maggie
D:8:      layout_basic, dpeg_lair_monsters
D:9:      layout_stronghold, serial_shops, shop_statue,
          nicolae_transmutations_shop, minivault_16, serial_bayou_lagoon_a,
          minivault_19, nrook_mini_vaults, centaur_isle, uniq_joseph,
          uniq_gastronok
D:10:     layout_rooms, kennysheep_orc_monster_closet_entryway, uniq_erica
D:11:     layout_basic, uniq_psyche
D:12:     minmay_cut_squares, layout_rooms, nicolae_kikubaaqudgha_miasma_corner
D:13:     layout_basic, minmay_variable_closet, corner_web_ring,
          chequers_serial_rivers_large_b, nicolae_ashenzari_panopticon
D:14:     layout_cave_pools, david_vaults_4, enter_bailey_3
D:15:     grunt_enter_depths_snipers, layout_gridville, grunt_decor_arrowhead,
          cheibriados_altar_1
Temple:   nicolae_temple_the_god_donut
Lair:1:   layout_concentric_octagons, fungi_pond_lemuel
Lair:2:   layout_long_grid, spider_nest_entry_funnel_web,
          portal_ice_cave_entry_pillars_2, fungi_pond_lemuel, uniq_nergalle
Lair:3:   layout_small_grid, serial_bayou_pond_a, grunt_megastairs_1
Lair:4:   layout_big_grid, swamp_mist, serial_bayou_pond_e,
          serial_bayou_shore_b, infiniplex_staircase_pool, serial_bayou_shore_b,
          lemuel_fruit_fields, grunt_megastairs_4, lemuel_fruit_tree,
          serial_bayou_shore_b, minmay_lair_oklob_chamber
Lair:5:   layout_regular_city, slime_altar_2
Lair:6:   minmay_lair_end_enchanted_forest, layout_gridlike
Swamp:1:  layout_falls_marsh, nicolae_swamp_tree_designs
Swamp:2:  layout_basic_swamp, nicolae_swamp_dense_foliage, swamp_pool1,
          nicolae_swamp_bunyip_nook
Swamp:3:  layout_basic_swamp, evilmike_swamp_ruin_house_5, swamp_pool1
Swamp:4:  swamp, layout_basic_swamp, uniq_kirke, uniq_aizul
Spider:1: layout_spider_delve, nicolae_spider_acid_house, uniq_roxanne
Spider:2: spiders_nest_scorpion_pit, ebering_ghost_xom
Spider:3: layout_spider_delve
Spider:4: guppyfry_spider_rune
Orc:1:    nicolae_orc_accident_2, layout_caves, mines2_lemuel
Orc:2:    st_orc_congregation, layout_caves, serial_shops, nicolae_shop_crystal,
          uniq_nessos
Elf:1:    layout_onion_city, minmay_elf_demonology
Elf:2:    nicolae_elf_blades_crystal_corner, layout_loops_corners,
          patterned_corridor, uniq_agnes
Elf:3:    minmay_elf_hall_hex, layout_onion_city
Vaults:1: gammafunk_vaults_ghost_spectres, nicolae_vaults_network_quincunx
          [nicolae_vaults_network_quincunx_subvault,
          nicolae_vaults_network_quincunx_subvault,
          nicolae_vaults_network_quincunx_subvault,
          nicolae_vaults_network_quincunx_subvault,
          nicolae_vaults_network_quincunx_subvault], hangedman_vaults_corner,
          v_misc_15, hangedman_vaults_unwind, ontoclasm_vaults_shuriken,
          nicolae_vaults_triangles, ontoclasm_vaults_idyll,
          nicolae_vaults_rhombus_6, ontoclasm_vaults_decontamination,
          v_alt_pattern_1, layout_vaults_omnibox
Vaults:2: nicolae_vaults_arrows, ontoclasm_vaults_loading_screen,
          nicolae_vaults_border_crossing, v_rooms_5, vaults_mumra_lcd,
          minmay_crypt_entry_simple_round, vaults_dpeg_hooks, v_misc_3,
          ontoclasm_vaults_gateway, dpeg_vaults_monster_box,
          layout_vaults_omnigrid, serial_shops, nicolae_square_shop
Vaults:3: hangedman_vaults_restitches, v_misc_18, v_pattern_4,
          nicolae_vaults_little_ls, nicolae_vaults_stairing_the_circle,
          nicolae_vaults_network_star, hangedman_vaults_maws,
          nicolae_vaults_shelves_hall, v_misc_16, ontoclasm_vaults_twist,
          grunt_vaults_diagonal, nicolae_vaults_asterisk,
          layout_vaults_maze_snakey
Vaults:4: biasface_vaults_ghost_orc_armoury, v_misc_10,
          nicolae_vaults_network_periphery, dpeg_vaults_monster_row,
          vaults_dpeg_encased_lava, hangedman_vaults_stagger, vaults_room_pools,
          ontoclasm_vaults_eye, layout_vaults_chaotic_city, serial_shops,
          shop_statue, shop, shop
Vaults:5: uniq_saint_roka
Crypt:1:  layout_misc_corridors, minmay_misc_feat_rows, tombwall_bobbens
Crypt:2:  layout_regular_city, grunt_megastairs_3
Crypt:3:  due_elkab, layout_chaotic_city, uniq_margery, uniq_mara
Depths:1: layout_twisted_cross, solitary_fountain, grunt_pan_entry_spiral,
          hell_entry, st_stairs_7, minmay_shop_mayhem, minmay_swirly_circle
Depths:2: minmay_mutant_horseshoe, layout_gridlike, serial_shops,
          kennysheep_little_box, grunt_pan_entry_zigzag,
          kennysheep_big_empty_room, hell_entry, hangedman_abyss_entry_splay,
          uniq_asterion
Depths:3: minmay_octo_star, layout_gridlike, lightli_too_deep, abyss_entry,
          yredelemnul_altar_generic, nicolae_trove_entry_isolated,
          rand_demon_pan_entry_1, infiniplex_staircase_zigzag_1
Depths:4: kennysheep_water_balloons, layout_cave_pools, hellmouth_1,
          ebering_ghost_xom, small_statue_intersection,
          nicolae_abyss_entry_one_way_or_another, dispersion_dpeg,
          infiniplex_staircase_pillars_2
Depths:5: evilmike_zot_entry_argh, layout_gridlike, enter_ziggurat_f,
          hangedman_decor_clover_reticule, grunt_hell_entry_dis_mu,
          nicolae_shop_sticking_my_neck_out
Hell
Geh:1:    layout_gehenna_lava_caves
Geh:2:    minmay_firetagon, layout_gehenna_lava_caves
Geh:3:    layout_gehenna_pools_triple
Tar:1:    layout_grid_maze
Tar:2:    layout_grid_maze
Tar:3:    layout_cathedral_of_symmetry
Tar:4:    layout_grid_maze, nicolae_tar_cuneiform_not
Tar:5:    minmay_shadows, layout_catacombs
Tar:6:    layout_grid_maze
Tar:7:    tar_minmay_river
Zot:1:    circus_mu, layout_misc_corridors, amcnicky_altar_lugonu_corruption

Skill      XL: |  1  2  3  4  5  6  7  8  9 10 11 12 13 14 15 16 17 18 19 20 21 22 23 24 25 26 27 |
---------------+----------------------------------------------------------------------------------+-----
Armour         | 4 5 6 7 9 10 11 12 13 14 15 16 17 18 19 20 22 | 22.4
Shields        | 4 5 6 7 8 9 11 12 14 16 18 19 21 22 23 24 25 26 27 | 27.0
Fighting       | 4 5 6 7 8 9 10 12 13 14 15 16 17 18 19 20 21 22 23 27 | 27.0
Long Blades    | 3 4 5 7 8 10 12 13 14 15 16 17 18 19 20 21 22 23 24 | 24.0
Slings         | 1 2 4 5 6 7 8 |  8.2
Evocations     | 1 2 3 5 7 9 10 11 13 14 15 | 15.1
Throwing       | 1 2 3 4 5 6 7 |  7.9
Invocations    | 2 4 6 8 9 10 11 12 20 | 20.1
Short Blades   | 1 3 |  3.9
Dodging        | |  0.2
Stealth        | |  0.8
Unarmed Combat | |  0.2

Action                   |  1- 3 |  4- 6 |  7- 9 | 10-12 | 13-15 | 16-18 | 19-21 | 22-24 | 25-27 || total
-------------------------+-------+-------+-------+-------+-------+-------+-------+-------+-------++-------
Melee: Long sword        |    96 |   194 |       |       |       |       |       |       |       ||   290
       Headbutt          |    17 |    44 |    37 |   139 |   457 |   676 |   601 |   533 |   683 ||  3187
       Scimitar          |       |       |   189 |   451 |  1388 |  1975 |   363 |       |       ||  4366
       Unarmed           |       |       |     1 |       |       |     5 |       |       |       ||     6
       Dagger            |       |       |       |    18 |    62 |       |       |       |       ||    80
       Double sword      |       |       |       |       |       |       |  1212 |  1460 |  1907 ||  4579
 Fire: Hunting sling     |    13 |    16 |     2 |     3 |       |       |       |       |       ||    34
       Fustibalus        |       |       |       |    10 |    70 |   112 |    42 |     8 |     6 ||   248
Throw: Dart              |     2 |     1 |    12 |    12 |       |     3 |       |     9 |       ||    39
       Javelin           |       |       |       |    15 |    41 |    67 |    29 |    31 |    11 ||   194
Invok: Heroism           |       |       |       |     2 |     3 |     1 |       |     1 |       ||     7
       Finesse           |       |       |       |       |     3 |     5 |     7 |     8 |     1 ||    24
       Divine Shield     |       |       |       |       |       |       |       |       |     1 ||     1
       Summon Divine War |       |       |       |       |       |       |       |       |    38 ||    38
       Cleansing Flame   |       |       |       |       |       |       |       |       |     3 ||     3
Evoke: Lightning rod     |       |       |       |       |       |     1 |       |       |       ||     1
       Box of beasts     |       |       |       |       |       |       |     1 |     2 |       ||     3
       Wand              |       |       |       |       |       |       |       |     1 |     4 ||     5
  Use: Scroll            |       |     9 |     4 |     7 |    10 |     6 |    24 |     2 |    23 ||    85
       Potion            |       |       |     1 |     2 |       |     5 |     1 |     9 |     6 ||    24
 Stab: Confused          |       |       |       |       |       |     2 |       |       |       ||     2
       Distracted        |       |       |       |       |       |       |     1 |       |     4 ||     5
Armor: Scale mail        |    43 |     9 |       |       |       |       |       |       |       ||    52
       Crystal plate arm |       |   127 |    96 |   138 |   488 |  1131 |   278 |       |       ||  2258
       Gold dragon scale |       |       |       |       |       |       |   120 |   460 |   497 ||  1077
Dodge: Dodged            |    27 |    30 |    18 |    42 |   153 |   273 |   130 |   144 |   189 ||  1006
Block: Kite shield       |    51 |    97 |    99 |   154 |   827 |    72 |       |       |       ||  1300
       Reflection        |       |       |       |       |    43 |    29 |   102 |    97 |    67 ||   338
       Tower shield      |       |       |       |       |       |  2792 |  1688 |  1570 |  2138 ||  8188
       Rpst.: Long sword |     2 |     4 |       |       |       |       |       |       |       ||     6
       Scimitar          |       |       |     3 |    11 |    23 |    33 |     4 |       |       ||    74
       Double sword      |       |       |       |       |       |       |    18 |    18 |    31 ||    67
